 Dungeon Sprint DCSS version 0.21-a0-401-g0b6bec4 (webtiles) character file.

8200000 Ordine the Ninja (level 27, -34/249 HPs)
             Began as a Formicid Fighter on Oct 24, 2017.
             Was the Champion of Makhleb.
             Killed from afar by a dread (36 damage)
             ... with damnation
             ... in the Dungeon (Sprint VIII: "Arena of Blood").
             The game lasted 00:03:01 (82 turns).

Ordine the Ninja (Formicid Fighter)                   Turns: 82, Time: 00:03:02

Health: -34/249    AC: 13    Str: 33    XL:     27
Magic:  22/54      EV: 24    Int:  9    God:    Makhleb [******]
Gold:   0          SH: 19    Dex: 10    Spells: 80/80 levels left

rFire    . . .     SeeInvis +   l - +∞ Axe of Woe
rCold    . . .     Gourm    .   c - +0 shield
rNeg     . . .     Faith    .   b - +0 scale mail
rPois    .         Spirit   .   (helmet unavailable)
rElec    .         Reflect  .   (no cloak)
rCorr    .         Harm     .   (no gloves)
MR       ++...                  (no boots)
Stlth    ++++++++..             (no amulet)
HPRegen  0.51/turn              (no ring)
MPRegen  0.34/turn              (no ring)

@: no status effects
A: permanent stasis, dig shafts and tunnels, four strong arms, antennae 3
a: Dig, Minor Destruction, Lesser Servant of Makhleb, Major Destruction, Greater
Servant of Makhleb, Renounce Religion


You were in the Dungeon.
You worshipped Makhleb.
Makhleb was exalted by your worship.
You were not hungry.

You visited 1 branch

Inventory:

Hand Weapons
 a - a +0 war axe
 l - the +∞ Axe of Woe (weapon)
   (You found it in the Dungeon)
Armour
 b - a +0 scale mail (worn)
 c - a +0 shield (worn)
Jewellery
 m - an uncursed ring of protection from fire
Scrolls
 k - a scroll of blinking
Potions
 d - a potion of might
 e - a potion of curing
 g - a potion of heal wounds
 h - a potion of haste
 i - 2 potions of magic
 j - a potion of berserk rage
Comestibles
 f - a bread ration


   Skills:
 O Level 27 Fighting
 O Level 27 Axes
 O Level 27 Throwing
 O Level 27 Armour
 O Level 27 Dodging
 O Level 27 Stealth
 O Level 27 Shields
 O Level 27 Unarmed Combat
 O Level 27 Spellcasting
 O Level 27 Invocations


You had 80 spell levels left.
You didn't know any spells.

Dungeon Overview and Level Annotations

Branches:
Dungeon (1/1)

Altars:
Makhleb


Innate Abilities, Weirdness & Mutations

You cannot be hasted, slowed, berserked, paralysed or teleported.
You can dig through walls and to a lower floor.
Your four strong arms can wield two-handed weapons with a shield.
You have a pair of large antennae on your head. (SInv)


Message History

You hear a shout! x4
The eight-headed meat hydra calls on the powers of darkness!
The eight-headed meat hydra convulses!
Your body is wracked with pain!
* * * LOW HITPOINT WARNING * * *
The eight-headed meat hydra convulses! x2
The eight-headed meat hydra roars!
You hear a shout!
The accursed points at you and mumbles some strange words.
Something smites you!
* * * LOW HITPOINT WARNING * * *
You hear a shout!
A meat berserker comes into view. It is wielding a +9 battleaxe.
Unknown command.
Unknown command.
You dig through the rock wall.
You hear a shout! x5
The meat berserker rages.
You hear a shout! x2
The dread throws damnation at you.
The sphere of damnation explodes!
The damnation engulfs you!
You die...

....... #......#
.....{. .......#
........##....W#
.%...M....M....#
.......###.....#
.........%.....#
...#.#))))D..).###
.....%)))).DW)..@#
))#)#)#))))....###
.)))))))†).....#
§))#)#)#))#....#
.........#.....#
..........#....#
.........#.....#
%..............#
#...#......##..#


You could see an accursed, 2 eight-headed meat hydras and a dread.

Vanquished Creatures
  2 hell beasts (D)
  2 greater mummies (D)
  Harold (D)
  14 vampire knights (D)
  24 ogres (D)
  4 two-headed ogres (D)
  2 hydras (D)
  70 orcs (D)
119 creatures vanquished.

Notes
Turn   | Place    | Note
-------+----------+-------------------------------------------
     0 | D        | Found the +∞ Axe of Woe
     0 | D        | Ordine the Formicid Fighter began the quest for the Orb.
     0 | D        | Reached XP level 1. HP: 18/18 MP: 1/1
     2 | D        | Noticed a bag of meat
     3 | D        | Became a worshipper of Makhleb the Destroyer
     5 | D        | Noticed a bag of meat
     6 | D        | Noticed a meat berserker
     7 | D        | Killed a bag of meat
     7 | D        | Reached XP level 2. HP: 37/37 MP: 1/12
     7 | D        | Reached XP level 3. HP: 43/43 MP: 1/14
     7 | D        | Reached XP level 4. HP: 50/50 MP: 1/15
     7 | D        | Reached XP level 5. HP: 55/55 MP: 1/17
     7 | D        | Reached XP level 6. HP: 62/62 MP: 1/18
     7 | D        | Reached XP level 7. HP: 68/68 MP: 1/20
     7 | D        | Reached XP level 8. HP: 75/75 MP: 1/21
     7 | D        | Reached XP level 9. HP: 81/81 MP: 1/22
     7 | D        | Reached XP level 10. HP: 87/87 MP: 1/23
     7 | D        | Reached XP level 11. HP: 93/93 MP: 1/24
     7 | D        | Reached XP level 12. HP: 100/100 MP: 1/25
     8 | D        | Noticed a bag of meat
     8 | D        | Noticed a meat berserker
     8 | D        | Noticed a bag of meat
     8 | D        | Killed a bag of meat
     8 | D        | Reached * piety under Makhleb
     8 | D        | Reached skill level 10 in Dodging
     8 | D        | Reached XP level 13. HP: 109/109 MP: 1/28
     8 | D        | Noticed a bag of meat
     9 | D        | Noticed a bag of meat
     9 | D        | Killed a meat berserker
     9 | D        | Reached skill level 15 in Shields
     9 | D        | Reached skill level 15 in Invocations
     9 | D        | Reached XP level 14. HP: 121/121 MP: 1/31
     9 | D        | Reached XP level 15. HP: 127/127 MP: 1/32
    10 | D        | Noticed a meat berserker
    11 | D        | Killed a meat berserker
    11 | D        | Reached skill level 15 in Fighting
    11 | D        | Reached skill level 15 in Armour
    11 | D        | Reached XP level 16. HP: 138/138 MP: 2/34
    11 | D        | Killed a meat berserker
    11 | D        | Reached ** piety under Makhleb
    11 | D        | Reached skill level 15 in Axes
    11 | D        | Reached skill level 15 in Throwing
    11 | D        | Reached skill level 15 in Unarmed Combat
    11 | D        | Reached skill level 15 in Spellcasting
    12 | D        | Noticed a meat berserker
    13 | D        | Noticed a destroyer
    13 | D        | Noticed a large bag of meat
    14 | D        | Noticed a meat berserker
    15 | D        | Noticed a meat berserker
    15 | D        | Noticed a meat berserker
    15 | D        | Noticed a meat berserker
    15 | D        | Killed a meat berserker
    15 | D        | Reached skill level 15 in Dodging
    15 | D        | Reached XP level 17. HP: 149/149 MP: 3/37
    15 | D        | Reached XP level 18. HP: 158/158 MP: 3/39
    15 | D        | Reached *** piety under Makhleb
    16 | D        | Noticed a meat berserker
    16 | D        | Noticed a meat berserker
    16 | D        | Killed a meat berserker
    16 | D        | Reached XP level 19. HP: 169/169 MP: 3/41
    16 | D        | Reached **** piety under Makhleb
    16 | D        | Killed a destroyer
    16 | D        | Reached XP level 20. HP: 182/182 MP: 3/44
    17 | D        | Noticed a meat berserker
    17 | D        | Noticed a meat berserker
    18 | D        | Killed a meat berserker
    18 | D        | Reached ***** piety under Makhleb
    18 | D        | Reached XP level 21. HP: 192/193 MP: 4/46
    18 | D        | Killed a meat berserker
    18 | D        | Reached skill level 27 in Stealth
    19 | D        | Killed a meat berserker
    19 | D        | Reached XP level 22. HP: 206/206 MP: 4/49
    19 | D        | Reached skill level 27 in Shields
    19 | D        | Reached skill level 27 in Invocations
    19 | D        | Killed a large bag of meat
    19 | D        | Reached XP level 23. HP: 218/218 MP: 4/51
    19 | D        | Reached skill level 27 in Fighting
    19 | D        | Reached skill level 27 in Armour
    21 | D        | Reached ****** piety under Makhleb
    21 | D        | Reached skill level 27 in Axes
    21 | D        | Reached skill level 27 in Throwing
    21 | D        | Reached skill level 27 in Dodging
    21 | D        | Reached skill level 27 in Unarmed Combat
    21 | D        | Reached skill level 27 in Spellcasting
    21 | D        | Reached XP level 24. HP: 227/227 MP: 5/54
    21 | D        | Noticed a destroyer
    22 | D        | Reached XP level 25. HP: 234/234 MP: 5/54
    24 | D        | Noticed a large bag of meat
    24 | D        | Noticed a large bag of meat
    24 | D        | Reached XP level 26. HP: 242/242 MP: 5/54
    28 | D        | Noticed The Servant
    28 | D        | Noticed a destroyer
    30 | D        | Noticed a destroyer
    30 | D        | Noticed a destroyer
    30 | D        | Reached XP level 27. HP: 147/249 MP: 7/54
    32 | D        | Killed a destroyer
    32 | D        | Killed a large bag of meat
    34 | D        | Killed a destroyer
    35 | D        | Noticed a destroyer
    35 | D        | Killed a large bag of meat
    35 | D        | HP: 1/249 [The Servant/+9 glaive of flaming (26)]
    36 | D        | Killed a destroyer
    37 | D        | Noticed a destroyer
    37 | D        | Killed a destroyer
    38 | D        | Noticed a destroyer
    39 | D        | Noticed a large bag of meat
    40 | D        | Noticed a destroyer
    41 | D        | Killed a destroyer
    41 | D        | Killed a destroyer
    43 | D        | Killed a large bag of meat
    43 | D        | Killed a destroyer
    45 | D        | Killed a destroyer
    46 | D        | Noticed a destroyer
    50 | D        | Noticed an accursed
    50 | D        | Noticed a destroyer
    50 | D        | Killed The Servant
    51 | D        | Killed a destroyer
    54 | D        | Noticed a destroyer
    54 | D        | Noticed a destroyer
    55 | D        | Killed a destroyer
    57 | D        | Killed an accursed
    59 | D        | Noticed a meat beast
    59 | D        | Noticed a destroyer
    60 | D        | Killed a destroyer
    61 | D        | Noticed an accursed
    61 | D        | Killed a destroyer
    62 | D        | Killed a meat beast
    64 | D        | Killed a destroyer
    65 | D        | Killed an accursed
    67 | D        | Noticed a dread
    69 | D        | Noticed a meat beast
    74 | D        | Killed a meat beast
    75 | D        | Noticed an accursed
    79 | D        | HP: 12/249 [??? (10)]
    81 | D        | HP: 2/249 [accursed/divine providence (11)]
    82 | D        | Killed from afar by a dread

Vault maps used:
D:        meatsprint

Skill      XL: |  1  2  3  4  5  6  7  8  9 10 11 12 13 14 15 16 17 18 19 20 21 22 23 |
---------------+----------------------------------------------------------------------+-----
Fighting       | 11 12 14 15 18 20 22 23 25 26 27 | 27.0
Axes           | 9 11 13 14 16 17 18 20 21 23 24 27 | 27.0
Throwing       | 9 11 13 14 16 17 18 20 21 23 24 27 | 27.0
Armour         | 11 12 14 15 18 20 22 23 25 26 27 | 27.0
Dodging        | 8 10 12 13 15 17 19 20 21 23 27 | 27.0
Stealth        | 12 14 16 18 20 21 22 25 26 27 | 27.0
Shields        | 11 13 15 17 19 20 21 23 25 26 27 | 27.0
Unarmed Combat | 9 11 13 14 16 17 18 20 21 23 24 27 | 27.0
Spellcasting   | 9 11 13 14 16 17 18 20 21 23 24 27 | 27.0
Invocations    | 11 13 15 16 19 21 23 24 26 27 | 27.0

Action                   |  1- 3 |  4- 6 |  7- 9 | 10-12 | 13-15 | 16-18 | 19-21 | 22-24 | 25-27 || total
-------------------------+-------+-------+-------+-------+-------+-------+-------+-------+-------++-------
Melee: Executioner's axe |     1 |       |       |     1 |     2 |     2 |     2 |     2 |    39 ||    49
Invok: Greater Servant o |       |       |       |       |       |       |       |       |     1 ||     1
 Abil: Dig               |       |       |       |       |       |       |       |       |     1 ||     1
Armor: Scale mail        |       |       |       |       |       |       |       |       |     4 ||     4
Dodge: Dodged            |       |       |       |       |       |       |     1 |       |     4 ||     5
Block: Shield            |       |       |       |     1 |       |       |       |       |    10 ||    11

Table legend:
 A = Spawn XP
 B = Non-spawn XP
 C = Spawn XP percentage of total XP
 D = Spawn monster count
 E = Non-spawn monster count
 F = Spawn count percentage of total count
 G = Total turns spent on level
                    A         B        C        D         E        F      G
               +---------+---------+-------+---------+---------+-------+---------
         Total |       0 | 2634790 |   0.0 |       0 |     119 |   0.0 |    82
               +---------+---------+-------+---------+---------+-------+---------
             D |       0 | 2634790 |   0.0 |       0 |     119 |   0.0 |    82
               +---------+---------+-------+---------+---------+-------+---------
